[Event "*** Titled Tuesday Blitz"]
[Site "Chess.com"]
[Date "2019.10.01"]
[Round "9"]
[White "VerdeNotte"]
[Black "chessdjw"]
[Result "1-0"]
[WhiteElo "2786"]
[BlackElo "2657"]
[TimeControl "180+2"]
[EndTime "15:12:30 PDT"]
[Termination "VerdeNotte won by checkmate"]

1. e4 c5 2. Nc3 Nc6 3. Nge2 Nf6 4. g3 d5 5. exd5 Nxd5 6. Bg2 Nxc3 7. bxc3 g6 8. Rb1 Bg7 9. O-O O-O 10. d3 Qd6 11.
Ba3 e5 12. c4 b6 13. Nc3 Bb7 14. Nd5 Rab8 15. Bb2 Ne7 16. Nxe7+ Qxe7 17. Re1 Rfe8 18. a4 Bxg2 19. Kxg2 Qd7 20. Ra1 Qc6+ 21. Kg1 Rbd8 22. Qb1 h5 23. h4 e4 24. Bxg7 Kxg7 25. a5 exd3 26. Rxe8 Rxe8 27. cxd3 Re2 28. Ra2 Re6 29.
Qa1+ Kh7 30. axb6 axb6 31. Ra8 Re8 32. Rxe8 Qxe8 33. Qf6 Qe6 34. Qxe6 fxe6 35. Kg2 Kg7 36. Kf3 Kf6 37. Ke4 g5 38. f3 gxh4 39. gxh4 e5 40.
f4 exf4 41. Kxf4 Ke6 42. Kg5 Ke5 43. Kxh5 Kd4 44. Kg4 Kxd3 45. h5 b5 46. h6 bxc4 47.
h7 c3 48. h8=Q c2 49. Qh6 Kc3 50. Qc1 Kb3 51. Kf3 c4 52. Ke3 Kc3 53. Qa3# 1-0

[Event "*** Titled Tuesday Blitz"]
[Site "Chess.com"]
[Date "2019.10.01"]
[Round "9"]
[White "djano"]
[Black "Misha_Bilous"]
[Result "1/2-1/2"]
[WhiteElo "2416"]
[BlackElo "2512"]
[TimeControl "180+2"]
[EndTime "15:12:30 PDT"]
[Termination "Game drawn - insufficient material"]

1. c4 Nf6 2. g3 g6 3. Bg2 Bg7 4. Nf3 O-O 5. d4 d6 6. O-O Nc6 7. Nc3 e5 8. dxe5 dxe5 9. Bg5 Be6 10. Qa4 Qc8 11. Nd2 Bd7 12. Qa3 h6 13. Bxf6 Bxf6 14. Nd5 Bg7 15. e3 Re8 16. b4 Ne7 17. Nxe7+ Rxe7 18. b5 Re8 19. Rac1 Bh3 20. c5 Bxg2 21. Kxg2 e4 22. Rfd1 Qf5 23. Qa5 b6 24. Qa6 bxc5 25. Qc6 Rad8 26. Nxe4 Kh7 27. Rxd8 Rxd8 28. Nxc5 Rd2 29.
Qf3 Qxf3+ 30. Kxf3 Rxa2 31. Na6 Rb2 32. Rxc7 Rxb5 33.
Rxf7 Rf5+ 34. Rxf5 gxf5 35. Kf4 Kg6 36. h4 h5 37. e4 fxe4 38. Kxe4 Kf6 39. Kd5 Kf5 40. f3 Bc3 41. Nc5 Be1 42. Ne4 a5 43. Nd6+ Kf6 44. g4 hxg4 45. fxg4 Bxh4 46. Nc4 Kg5 47. Nxa5 Kxg4 1/2-1/2

[Event "*** Titled Tuesday Blitz"]
[Site "Chess.com"]
[Date "2019.10.01"]
[Round "9"]
[White "MikeSailer"]
[Black "Vojtap"]
[Result "1-0"]
[WhiteElo "2086"]
[BlackElo "2142"]
[TimeControl "180+2"]
[EndTime "15:12:36 PDT"]
[Termination "MikeSailer won on time"]

1. b4 e5 2. Bb2 d6 3. e3 a5 4. b5 Nd7 5. Nf3 Ngf6 6. Be2 Be7 7. O-O Nb6 8. c4 Be6 9. Qc2 O-O 10. d4 e4 11. Nfd2 d5 12. cxd5 Bxd5 13. Nc3 Bd6 14. Nxd5 Nbxd5 15. Nxe4 Nxe4 16. Qxe4 Re8 17. Qf3 Nb4 18. Bc4 Qe7 19. Qxb7 Qh4 20. g3 Qh3 21. Qf3 Rad8 22. Bxf7+ Kh8 23. Bxe8 Rxe8 24. a3 Nd3 25. Bc3 Re6 26. Qg2 Qf5 27. Qa8+ Bf8 28. Bxa5 Rh6 29.
Bb4 Nxb4 30. axb4 Kg8 31. Qg2 Bxb4 32. Ra8+ Kf7 33. Rc1 Bd6 34. b6 cxb6 35. Ra7+ Kg8 36. Qa8+ Bf8 37. Rac7 Rf6 38. Qg2 1-0

[Event "*** Titled Tuesday Blitz"]
[Site "Chess.com"]
[Date "2019.10.01"]
[Round "9"]
[White "SCIM"]
[Black "novocane"]
[Result "1-0"]
[WhiteElo "2503"]
[BlackElo "2314"]
[TimeControl "180+2"]
[EndTime "15:12:41 PDT"]
[Termination "SCIM won on time"]

1. d4 Nf6 2. c4 e6 3. Nc3 Bb4 4. a3 Bxc3+ 5. bxc3 Nc6 6. f3 b6 7. e4 e5 8. Nh3 d6 9. Nf2 Na5 10. Bd3 c5 11. O-O Ba6 12. f4 Nd7 13. fxe5 dxe5 14. Ng4 cxd4 15. cxd4 exd4 16. e5 Nc5 17. Qf3 Rf8 18.
e6 Nxe6 19. Bd2 Bb7 20. Qg3 Qc7 21. Qh4 Nb3 22. Bb4 Nbc5 23. Rae1 Qe7 24. Qg3 O-O-O 25. Bxh7 g6 26. Nf6 Qc7 27. Qg4 Kb8 28. Nd5 Rxd5 29. cxd5 Bxd5 30. Bxg6 Rg8 31. Rf6 fxg6 32. Bxc5 Nxc5 33.
Qg5 Bc6 34. Rxg6 Rxg6 35. Qxg6 Kb7 36. h4 d3 37. Qg5 Qd6 38. Rd1 Ne4 39. Qg7+ 1-0

[Event "*** Titled Tuesday Blitz"]
[Site "Chess.com"]
[Date "2019.10.01"]
[Round "9"]
[White "Shubinkirill2003"]
[Black "imdvb6307"]
[Result "1-0"]
[WhiteElo "2531"]
[BlackElo "2412"]
[TimeControl "180+2"]
[EndTime "15:12:42 PDT"]
[Termination "Shubinkirill2003 won by resignation"]

1. e4 Nc6 2. Nf3 d6 3. d4 Nf6 4. Nc3 e5 5. dxe5 Nxe5 6. Nxe5 dxe5 7. Qxd8+ Kxd8 8. Bc4 Bb4 9. Bd2 Ke7 10. O-O-O Be6 11. Nd5+ Nxd5 12. exd5 Bxd2+ 13. Rxd2 Bf5 14. Re1 Kd6 15.
a3 a5 16. Bb5 h5 17. Re3 h4 18. h3 a4 19. Be2 Ra5 20. c4 b6 21. Rc3 Rc5 22.
Bd1 Be4 23. f3 Bf5 24. Bxa4 Ra5 25. Bb5 Rha8 26. Re2 g5 27. Ree3 f6 28. Bc6 Rd8 29.
b4 Ra7 30. c5+ bxc5 31. Rxc5 Rb8 32. Bb5 Bd7 33. Bxd7 Kxd7 34. Rec3 Rb6 35. Kb2 Rd6 36. b5 Rb6 37. Kb3 Rb8 38. R3c4 f5 39. a4 Re8 40.
Rc6 e4 41. fxe4 fxe4 42. Re6 Rxe6 43. dxe6+ Kxe6 44. Rxe4+ Kf5 45. Re7 Kf4 46. Rg7 Rb7 47.
Kc4 Ra7 48. Kb3 Rb7 49. Ka3 Kf5 50. Rf7+ Ke5 51. Rf3 Ke4 52. Rc3 Kf4 53. Kb4 Ra7 54. a5 Rb7 55. a6 Ra7 56. Ka5 Ra8 57. Rxc7 Kg3 58. Rc2 1-0

[Event "*** Titled Tuesday Blitz"]
[Site "Chess.com"]
[Date "2019.10.01"]
[Round "9"]
[White "PaulfromSPb"]
[Black "Vuk2000"]
[Result "0-1"]
[WhiteElo "2668"]
[BlackElo "2808"]
[TimeControl "180+2"]
[EndTime "15:12:48 PDT"]
[Termination "Vuk2000 won by checkmate"]

1. e4 e6 2. d4 d5 3. Nd2 Be7 4. Bd3 c5 5. dxc5 Nf6 6. Qe2 a5 7. Ngf3 O-O 8. a4 Na6 9. e5 Nd7 10. Nb3 Ndxc5 11. Nxc5 Nxc5 12. Bb5 Bd7 13. O-O Qb6 14.
Be3 Bxb5 15. axb5 Qc7 16. Ra2 Rfc8 17. Rfa1 Ne4 18. c3 Bc5 19. Bxc5 Nxc5 20. Nd4 a4 21.
f3 Qb6 22. Kh1 Rab8 23. h3 h6 24. Ra3 Rc7 25. Rf1 g6 26. g4 Rbc8 27. Kg2 Nb3 28.
Nxb3 axb3 29. Rxb3 Rc4 30. Rd1 R8c5 31. Qe3 Qa5 32.
Qxh6 Qa4 33. Qg5 Rc8 34. h4 Qxb3 35. Rd2 Qxb5 36. h5 Qe8 37. h6 Qd8 38. h7+ Kxh7 39.
Qe3 Kg7 40. Kg3 Qe7 41. Rh2 Rh8 42. Rxh8 Kxh8 43. Qh6+ Kg8 44. Qe3 Qc5 45. Qg5 Qc7 46.
Qf6 d4 47. Kh4 dxc3 48. Kg5 c2 49. Kh6 c1=Q+ 50. g5 Qh1# 0-1

[Event "*** Titled Tuesday Blitz"]
[Site "Chess.com"]
[Date "2019.10.01"]
[Round "9"]
[White "AntonSmirnov"]
[Black "vugarrasulov"]
[Result "1/2-1/2"]
[WhiteElo "2919"]
[BlackElo "2899"]
[TimeControl "180+2"]
[EndTime "15:12:50 PDT"]
[Termination "Game drawn by agreement"]

1. e4 e5 2. Nf3 Nc6 3. Bb5 a6 4. Bxc6 dxc6 5. O-O Bg4 6. h3 Bxf3 7. Qxf3 Qd7 8. d3 f6 9. Nd2 h5 10. Nc4 g5 11. Rd1 g4 12. Qg3 O-O-O 13. Be3 gxh3 14. Qxh3 Qxh3 15. gxh3 Bh6 16. Kh2 Ne7 17. Rg1 Bxe3 18. Nxe3 Rhg8 19. Rxg8 Rxg8 20. Rf1 Kd7 21. f4 Ke6 22.
fxe5 fxe5 23. Nf5 Nc8 24. Ng3 Rh8 25. Rf5 h4 26. Nh5 Nd6 27. Ng7+ Ke7 28. Rf2 c5 29.
Nf5+ Ke6 30. Ne3 c4 31. Nd5 cxd3 32. cxd3 c6 33. Rf6+ Kd7 34. Ne3 Ke7 35. Rg6 Rf8 36. Kg2 Rd8 37. Rh6 Nf7 38. Nf5+ Kf8 39. Rf6 Rxd3 40.
Nh6 Kg7 41. Rxf7+ Kxh6 42. Rxb7 Kg5 43. Rf7 Rd2+ 44. Kf3 Rxb2 45. Rf5+ Kg6 46. Rxe5 Rxa2 47. Rc5 Ra3+ 48. Kg4 Rg3+ 49. Kxh4 Re3 50. Rxc6+ Kf7 51.
Rc4 Kf6 52. Kg4 Ke5 53. h4 Re1 54. Kg5 Rg1+ 55. Kh6 a5 56. h5 Kf6 57. Rc5 a4 58.
Rf5+ Ke6 59. Ra5 Ra1 60. Kh7 a3 61. h6 a2 62. Kh8 Rh1 63. Rxa2 Rxh6+ 64. Kg7 Rh4 1/2-1/2

[Event "*** Titled Tuesday Blitz"]
[Site "Chess.com"]
[Date "2019.10.01"]
[Round "9"]
[White "Dhaydon19"]
[Black "M1711"]
[Result "1-0"]
[WhiteElo "2693"]
[BlackElo "2544"]
[TimeControl "180+2"]
[EndTime "15:12:50 PDT"]
[Termination "Dhaydon19 won by checkmate"]

1. d4 Nf6 2. Nf3 g6 3. g3 Bg7 4.
Bg2 O-O 5. O-O d6 6. c3 Nbd7 7. Re1 e5 8. e4 Re8 9. Nbd2 c6 10. h3 Qc7 11. b3 b6 12. Bb2 Bb7 13. c4 exd4 14.
Nxd4 Nc5 15. Qc2 d5 16. e5 Nfe4 17. N2f3 a5 18. cxd5 cxd5 19. a3 Qd7 20. Rad1 Rac8 21. Qb1 Ba6 22. Ba1 Ne6 23. Nxe6 Qxe6 24. Re3 Rc7 25.
Nd4 Qe7 26. b4 axb4 27. axb4 Bb7 28. Nb5 Rd7 29. Nd6 Nxd6 30. exd6 Qd8 31. Rxe8+ Qxe8 32. Bxg7 Kxg7 33. Bxd5 Bxd5 34. Rxd5 Qe6 35. Qb2+ Kg8 36. Re5 Rxd6 37. Rxe6 Rxe6 38. Qd4 h5 39. f4 Kh7 40. Kf2 Kg8 41. Kf3 Kh7 42. g4 hxg4+ 43. hxg4 Kg8 44. b5 Kf8 45. f5 gxf5 46. gxf5 Rh6 47. f6 Kg8 48. Qxb6 Kh7 49. Qd4 Rh3+ 50. Kg4 Rh1 51.
Qe4+ Kg8 52. Qxh1 Kf8 53. Qh8# 1-0

[Event "*** Titled Tuesday Blitz"]
[Site "Chess.com"]
[Date "2019.10.01"]
[Round "9"]
[White "Qvalda"]
[Black "Godzillator"]
[Result "1-0"]
[WhiteElo "2521"]
[BlackElo "2372"]
[TimeControl "180+2"]
[EndTime "15:12:54 PDT"]
[Termination "Qvalda won by resignation"]

1. d4 d5 2. c4 c6 3. Nf3 Nf6 4. Qb3 dxc4 5. Qxc4 Bf5 6. g3 e6 7. Bg2 Be7 8. Nc3 O-O 9. O-O h6 10. Rd1 Ne4 11. Bf4 Nd7 12. Rac1 Nb6 13. Qb3 Bd6 14. Bxd6 Qxd6 15. Nh4 Nxc3 16. bxc3 Bh7 17. c4 Qe7 18. a4 Rad8 19. a5 Nc8 20. c5 Qc7 21. Qb4 Ne7 22.
e3 Nd5 23. Qe1 g5 24. Nf3 Be4 25. Ne5 Bxg2 26. Kxg2 f6 27. Nc4 f5 28. Ne5 f4 29.
exf4 gxf4 30. Qe4 Rf5 31. g4 f3+ 32. Kh1 Rf6 33. Rg1 Qh7 34. Qxh7+ Kxh7 35. Rb1 Nc3 36. Rxb7+ Kg8 37. g5 hxg5 38. Rxg5+ Kh8 39. Nxc6 Rdf8 40. Rh5+ Kg8 41. Ne7+ Kf7 42. Rh7+ Ke8 43. Nc6 R6f7 44. Rb8+ Kd7 45. Ne5+ Kc7 46. Rxf7+ Rxf7 47. Nxf7 Kxb8 48. h4 Ne4 49. h5 Nxf2+ 50. Kg1 Ng4 51. h6 Nf6 52. Kf2 Kc7 53. Kxf3 Kd7 54. Kf4 Ke7 55. Ne5 Nd5+ 56. Kg5 Nc3 57. h7 Ne4+ 58. Kg6 1-0

[Event "*** Titled Tuesday Blitz"]
[Site "Chess.com"]
[Date "2019.10.01"]
[Round "9"]
[White "LornerAcosta"]
[Black "kreonx"]
[Result "1-0"]
[WhiteElo "2502"]
[BlackElo "2294"]
[TimeControl "180+2"]
[EndTime "15:12:56 PDT"]
[Termination "LornerAcosta won by resignation"]

1. Nf3 g6 2. d4 f5 3. g3 Bg7 4.
Bg2 Nf6 5. O-O O-O 6. c3 d5 7. Bf4 c6 8. Nbd2 Nbd7 9. a4 Ne4 10. c4 Nxd2 11. Qxd2 dxc4 12. Qc2 Nb6 13. a5 Nd5 14.
Qxc4 Kh8 15. Be5 a6 16. Ng5 h6 17. Nf3 Bf6 18. Rfe1 Be6 19. Qc5 Qd7 20. Rad1 Nc7 21. Qc1 Kg7 22. e4 fxe4 23. Rxe4 Bd5 24. Re3 Bxf3 25.
Bxf3 Nd5 26. Rb3 Bxe5 27. dxe5 e6 28. Be4 Rad8 29. Qc2 Qf7 30. Rf1 g5 31. Qe2 Rd7 32.
Bc2 Ne7 33. f4 gxf4 34. Rxf4 Qg8 35. Rg4+ Kh8 36. Rxg8+ Rxg8 37. Rd3 Rd5 38. Rxd5 cxd5 39. Qe3 Kg7 40. Qc5 Kf7 41. Qc7 Rc8 42. Qxb7 Rxc2 43.
Qxa6 Rxb2 44. Qf1+ Ke8 45. Qa1 Rd2 46. a6 Nc6 47. Qa4 Kd7 48. a7 Rd4 49. a8=Q Rxa4 50. Qxa4 1-0

[Event "*** Titled Tuesday Blitz"]
[Site "Chess.com"]
[Date "2019.10.01"]
[Round "9"]
[White "dlp300"]
[Black "mortngabriel"]
[Result "0-1"]
[WhiteElo "2489"]
[BlackElo "2365"]
[TimeControl "180+2"]
[EndTime "15:13:01 PDT"]
[Termination "mortngabriel won by resignation"]

1. Nf3 Nf6 2. g3 d5 3. Bg2 e6 4.
O-O Be7 5. d3 O-O 6. Nbd2 c5 7.
e4 Nc6 8. Re1 Qc7 9. e5 Nd7 10.
Qe2 b5 11. h4 Bb7 12. Nf1 Rfc8 13. N1h2 Qd8 14. Bg5 h6 15. Bf4 Nd4 16. Qd2 Bf8 17.
h5 a5 18. g4 Nxf3+ 19. Bxf3 Be7 20. Kh1 Bg5 21. Re2 Bxf4 22. Qxf4 Qg5 23. Qg3 c4 24. d4 c3 25. b3 a4 26. Rg1 axb3 27. axb3 Ra2 28.
Bg2 Rca8 29. f4 Qe7 30. g5 hxg5 31. fxg5 Ra1 32. Bf1 b4 33. Rf2 Ba6 34. Ng4 Qxg5 35. Qh2 Rxf1 36. Rfxf1 Bxf1 37. Nf6+ gxf6 38. Rxg5+ fxg5 39. Qg1 Ra1 40. Qxg5+ Kh7 41. h6 Bd3+ 42. Kh2 Bg6 43. Qe7 Ra2 44. Qxd7 Rxc2+ 45. Kg3 Kxh6 46. Qe7 Rd2 47. Qxb4 Rd3+ 48. Kf4 c2 49. Qe1 Rxd4+ 50. Kg3 Rd1 51. Qe3+ Kh7 52. Qg5 c1=Q 0-1

[Event "*** Titled Tuesday Blitz"]
[Site "Chess.com"]
[Date "2019.10.01"]
[Round "9"]
[White "DanielNaroditsky"]
[Black "GadimbayliA"]
[Result "1-0"]
[WhiteElo "3020"]
[BlackElo "2872"]
[TimeControl "180+2"]
[EndTime "15:13:06 PDT"]
[Termination "DanielNaroditsky won by resignation"]

1. d4 Nf6 2. Nc3 d5 3. Bf4 e6 4. e3 Bd6 5. Nf3 Bxf4 6. exf4 c5 7. dxc5 Qa5 8. Bd3 Qxc5 9. O-O Nc6 10. Re1 Qb4 11. Qc1 Bd7 12. a3 Qb6 13. Ne5 O-O 14. Qd2 Rfd8 15. Rab1 Be8 16. Ne2 Rac8 17. c3 Ne4 18.
Bxe4 dxe4 19. Qe3 Qxe3 20. fxe3 Nxe5 21. fxe5 Bb5 22. Nf4 Rd2 23. Red1 Rcd8 24. Rxd2 Rxd2 25. c4 Bc6 26. b4 Ba4 27. Rc1 g6 28. c5 Ra2 29. Rc3 Bb5 30. h4 h6 31. Kh2 Kg7 32. Kg3 g5 33. hxg5 hxg5 34. Nh5+ Kg6 35. Nf6 Kf5 36.
Ng4 Bf1 37. Nf2 Kxe5 38. c6 bxc6 39. Rc5+ Kd6 40. Nxe4+ Kd7 41. Nxg5 Rxg2+ 42. Kf3 f6 43. Ne4 Rg6 44. Kf2 Ba6 45. Ra5 Bb5 46. Rxa7+ Kd8 47.
a4 Bc4 48. Nd6 Bd5 49. e4 Bb3 50. b5 cxb5 51. axb5 Rh6 52. Nf7+ 1-0

[Event "*** Titled Tuesday Blitz"]
[Site "Chess.com"]
[Date "2019.10.01"]
[Round "9"]
[White "CzechmVIII"]
[Black "Playgood28"]
[Result "1/2-1/2"]
[WhiteElo "2116"]
[BlackElo "2269"]
[TimeControl "180+2"]
[EndTime "15:13:11 PDT"]
[Termination "Game drawn by agreement"]

1. e4 e5 2. Nf3 d6 3. Bc4 Be7 4.
d4 exd4 5. Nxd4 Nf6 6. Nc3 O-O 7. O-O Nxe4 8. Nxe4 d5 9. Bd3 dxe4 10. Bxe4 Re8 11.
Bf3 Bf6 12. Nb3 c6 13. c3 Nd7 14. Be3 Ne5 15. Be2 Bf5 16. Nd4 Bd7 17. Re1 a6 18. Bf1 c5 19. Nb3 b6 20. Bf4 Bc6 21. Qxd8 Raxd8 22. Rad1 Rxd1 23. Rxd1 Kf8 24. Bxa6 Ra8 25. Bxe5 Bxe5 26.
Bc4 b5 27. Bd5 Rd8 28. Bf3 Rxd1+ 29. Bxd1 b4 30. Nxc5 bxc3 31. bxc3 Bxc3 32. a4 Bb4 33. Nd3 Ba5 34. Ne5 Bd5 35. Kf1 Ke7 36. Ke2 f6 37.
Nf3 Bxf3+ 38. Kxf3 Ke6 39. Bc2 h6 40. g4 Bb6 41. h3 g5 42. Ke2 Kd5 43. f3 Kd4 44.
Bf5 Ba5 45. Bd7 Bb4 46. Bc6 Ba5 47. Kf2 Bb4 48. Kg3 Ba5 49. Kg2 Bb4 50. h4 gxh4 51. Kh3 Be1 52. a5 Bxa5 53. Kxh4 Bd2 54. Kh5 Ke5 55.
Be4 Bc1 56. Kg6 1/2-1/2

[Event "*** Titled Tuesday Blitz"]
[Site "Chess.com"]
[Date "2019.10.01"]
[Round "9"]
[White "nitpicker"]
[Black "arjwezhrtdrz"]
[Result "1-0"]
[WhiteElo "2262"]
[BlackElo "2090"]
[TimeControl "180+2"]
[EndTime "15:13:23 PDT"]
[Termination "nitpicker won by resignation"]

1. d4 d6 2. e4 c6 3. a4 a5 4. Nc3 Nf6 5. h3 Nbd7 6. g4 e5 7.
Be3 Be7 8. Bg2 Ng8 9. Qd2 h6 10. Nge2 Bg5 11. O-O Bxe3 12. Qxe3 Qg5 13. f4 Qh4 14. Rf2 Ngf6 15. Raf1 O-O 16. Ng3 exd4 17. Qxd4 Qxg3 18. Qxd6 Qe3 19. e5 Ne8 20. Qe7 Qc5 21. Qh4 Qb6 22. Ne4 Nc5 23. g5 Nxe4 24. Bxe4 Qd8 25. Qh5 g6 26. Qxh6 Ng7 27. Qh4 Bf5 28. Bf3 Be6 29. Kh2 Nf5 30. Qg4 Ne3 31.
Qg3 Nxf1+ 32. Rxf1 Bf5 33. Bg4 Qd7 34. Rd1 Qe6 35. Rd6 Qc8 36. Rf6 Bxg4 37. hxg4 Kg7 38. Qc3 Rh8+ 39. Kg3 Qd8 40. e6 Kg8 41. Rxf7 Rh7 42.
e7 Qe8 43. Rf8+ Qxf8 44. exf8=Q+ Rxf8 45. Qxa5 Rhf7 46. Qe5 Rxf4 47. Qxf4 Rxf4 48. Kxf4 Kf7 49. Ke5 Ke7 50. b4 b6 51. a5 bxa5 52. bxa5 1-0

[Event "*** Titled Tuesday Blitz"]
[Site "Chess.com"]
[Date "2019.10.01"]
[Round "9"]
[White "Duhless"]
[Black "Spalir"]
[Result "0-1"]
[WhiteElo "3000"]
[BlackElo "2836"]
[TimeControl "180+2"]
[EndTime "15:13:28 PDT"]
[Termination "Spalir won on time"]

1. e4 e5 2. Nf3 Nc6 3. Bc4 Bc5 4. d3 Nf6 5. Nc3 d6 6. Na4 Bb6 7. a3 O-O 8. O-O h6 9. h3 Re8 10. Re1 Be6 11. Bxe6 Rxe6 12. b4 Ne7 13. c4 Ng6 14. g3 c6 15. Nxb6 axb6 16. a4 d5 17.
cxd5 cxd5 18. Qb3 Rd6 19. Be3 Qd7 20. Kg2 dxe4 21. dxe4 Nxe4 22. Red1 Rxd1 23. Rxd1 Qxa4 24. Rd8+ Kh7 25. Qxa4 Rxa4 26. Rd7 f6 27. b5 Rb4 28. Rxb7 Rxb5 29. h4 h5 30. Ne1 Rb3 31. Rxb6 Rxb6 32. Bxb6 Ne7 33. Be3 Nd5 34. Bc1 Kg6 35. Ba3 Kf5 36.
Nc2 g5 37. hxg5 fxg5 38. f3 Nd2 39. Bc1 Nc4 40. Ne1 g4 41. fxg4+ Kxg4 42. Nd3 Nde3+ 43. Bxe3 Nxe3+ 44. Kf2 Nc4 45. Nc5 Nd6 46. Kg2 Kf5 47. Kh3 Ne4 48. Nd3 Nf6 49. Kg2 Ke4 50. Nf2+ Ke3 51.
Nh3 Ne4 52. Ng1 Ng5 53. Kf1 Ne4 54. Kg2 Ng5 55. Kf1 e4 56. Kg2 Kd2 57. g4 h4 0-1

[Event "*** Titled Tuesday Blitz"]
[Site "Chess.com"]
[Date "2019.10.01"]
[Round "9"]
[White "tteshan"]
[Black "SoltaniciR"]
[Result "1-0"]
[WhiteElo "2292"]
[BlackElo "2544"]
[TimeControl "180+2"]
[EndTime "15:13:29 PDT"]
[Termination "tteshan won by resignation"]

1. e4 c5 2. Nf3 d6 3. d4 cxd4 4. Nxd4 Nf6 5. Nc3 a6 6. h3 e6 7. g4 h6 8. Bg2 Nc6 9. Be3 Bd7 10.
f4 Rc8 11. Qd2 Qc7 12. O-O Na5 13. Qf2 Nc4 14. Bc1 b5 15. b3 Na5 16. Bb2 Nc6 17. Nxc6 Bxc6 18. Rfe1 Be7 19. Kh1 Bb7 20. Re2 e5 21. Nd5 Bxd5 22. fxe5 Nxe4 23. Bxe4 Bxe4+ 24. Rxe4 O-O 25. c4 bxc4 26. Rxc4 Qb7+ 27. Qg2 Qxg2+ 28. Kxg2 Rxc4 29. bxc4 Rc8 30. exd6 Bxd6 31. Rc1 Bc5 32.
Kf3 f6 33. Rd1 Rc7 34. Bd4 Be7 35. Rc1 Kf7 36. Ke4 Ke6 37. c5 g6 38. h4 f5+ 39.
gxf5+ gxf5+ 40. Kf4 Bxh4 41. Re1+ Kd5 42. Rd1 Ke6 43. Rb1 Bg5+ 44. Kf3 Kd5 45. Bf2 Be7 46. Rd1+ Ke6 47. Re1+ Kd5 48. Bg3 Rb7 49. Re5+ Kd4 50. Rxf5 Rb1 51. Bf2+ Kd3 52. Rf7 Bg5 53. c6 Rc1 54. c7 Rc6 55. Bg3 Kd4 56. Rd7+ Kc5 57. Rd8 1-0

[Event "*** Titled Tuesday Blitz"]
[Site "Chess.com"]
[Date "2019.10.01"]
[Round "9"]
[White "anon132639"]
[Black "Kostya_Nikologorskiy"]
[Result "0-1"]
[WhiteElo "2667"]
[BlackElo "2542"]
[TimeControl "180+2"]
[EndTime "15:13:33 PDT"]
[Termination "Kostya_Nikologorskiy won by resignation"]

1. d4 Nf6 2. c4 g6 3. Nf3 Bg7 4. Nc3 O-O 5. e4 d6 6. h3 e5 7. d5 a5 8. g4 Na6 9. Be3 Nd7 10. a3 Nac5 11. Nd2 a4 12. Be2 c6 13. h4 f5 14. gxf5 gxf5 15. exf5 Nf6 16. Qc2 cxd5 17. cxd5 Qd7 18. Rg1 Qxf5 19. Qxf5 Bxf5 20. Bh6 Rf7 21. Nc4 Bg6 22. Bxg7 Rxg7 23. Nxd6 Rd8 24. Nc4 Nb3 25.
Ra2 Nxd5 26. Nxd5 Bb1 27. Rxg7+ Kxg7 28. Nc3 Bxa2 29. Nxa2 Kf6 30. Nc3 Rd4 31. Ne3 Rxh4 32. Bc4 Rh1+ 33. Ke2 Nd4+ 34. Kd3 h5 35. Bd5 Rh2 36.
Bxb7 Kg7 37. Ne4 h4 38. Ng4 Rg2 39. Nef6 Rg1 40. Ke3 h3 41. Nh5+ Kg6 42. Ng3 Nf5+ 43. Nxf5 Kxf5 44. Nh2 Kf6 45. Be4 Ke6 46. Kf3 Rg2 47.
Ng4 Rg1 48. Bc2 Kd5 49. Be4+ Kd4 50. Nh2 Rg2 51. Ng4 Rxg4 52. Kxg4 Kxe4 53. Kxh3 Kf3 54.
Kh4 e4 0-1

[Event "*** Titled Tuesday Blitz"]
[Site "Chess.com"]
[Date "2019.10.01"]
[Round "9"]
[White "dmosesov"]
[Black "XiaoKangZhong"]
[Result "1/2-1/2"]
[WhiteElo "2539"]
[BlackElo "2432"]
[TimeControl "180+2"]
[EndTime "15:13:40 PDT"]
[Termination "Game drawn by repetition"]

1. d4 f5 2. g3 Nf6 3. Bg2 g6 4. c4 Bg7 5. Nc3 O-O 6. Nf3 c6 7. O-O d5 8. Ne5 e6 9. Qc2 Ne4 10.
Rd1 Nd7 11. Nxd7 Bxd7 12. f3 Nf6 13. Bf4 Kh8 14. Be5 Ne8 15. Bxg7+ Kxg7 16. e4 dxc4 17. Na4 b5 18. Nc5 Nf6 19. b3 cxb3 20. axb3 Rf7 21. Qc3 a5 22. d5 b4 23. Qb2 Qb6 24. Qd4 cxd5 25. exd5 exd5 26. Rac1 Rc8 27. f4 Kg8 28.
Bxd5 Nxd5 29. Qxd5 Bc6 30. Qe6 Qc7 31. Nd3 Qd7 32.
Qxd7 Rxd7 33. Ne5 Rxd1+ 34. Rxd1 Be8 35. Ra1 Rc3 36. Rxa5 Rxb3 37. Ra8 Kf8 38. Ra7 Rb1+ 39. Kf2 Rb2+ 40. Ke3 Rxh2 41. Rb7 Rg2 42. Kf3 Rb2 43. Rxh7 Rb3+ 44. Kf2 Rb2+ 45. Ke3 b3 46. Rb7 Rb1 47. Nd3 Bc6 48. Rb6 Be4 49. Kd2 Rg1 50. Rxb3 Rxg3 51.
Rb8+ Kg7 52. Ne5 Rg2+ 53. Ke3 Rg3+ 54. Kd4 Rg2 55. Rc8 Rf2 56. Rc7+ Kh6 57. Ke3 Rg2 58.
Nf7+ Kh5 59. Ne5 Kh6 60. Nf7+ Kh5 61. Ne5 Kh6 1/2-1/2

[Event "*** Titled Tuesday Blitz"]
[Site "Chess.com"]
[Date "2019.10.01"]
[Round "9"]
[White "IvanRadivojevic"]
[Black "731291"]
[Result "1/2-1/2"]
[WhiteElo "2506"]
[BlackElo "2650"]
[TimeControl "180+2"]
[EndTime "15:13:41 PDT"]
[Termination "Game drawn - insufficient material"]

1. e4 e6 2. d4 d5 3. Nc3 Bb4 4. e5 c5 5. a3 Ba5 6. b4 cxd4 7. Nb5 Bc7 8. f4 Bd7 9. Nxd4 Ne7 10. Ngf3 Nbc6 11.
Bd3 Nxd4 12. Nxd4 Bb6 13. Be3 Nc6 14. Nxc6 Bxc6 15. Qe2 Qh4+ 16. Qf2 Qxf2+ 17. Kxf2 f6 18. exf6 gxf6 19. Rhe1 Kf7 20. b5 Bd7 21. c4 dxc4 22. Bxc4 Rac8 23. Rac1 f5 24. Bxb6 axb6 25. Rcd1 Rxc4 26.
Rxd7+ Kf6 27. Rxb7 Rxf4+ 28. Kg3 Rg4+ 29. Kf3 Ra8 30. Rxb6 Rxa3+ 31. Kf2 Rf4+ 32. Kg1 Re4 33. Rxe4 fxe4 34. Kf2 Ke5 35. Rb7 Ra2+ 36. Kf1 Kd4 37.
Rxh7 Kd3 38. Rd7+ Ke3 39. Rd1 Rf2+ 40. Kg1 Rb2 41. h4 Rxb5 42. Rd6 Rb1+ 43. Kh2 e5 44. h5 Kf4 45. h6 Rb7 46. Kg1 e3 47. Kf1 Rb1+ 48.
Ke2 Rb2+ 49. Kf1 e2+ 50. Kf2 e1=Q+ 51. Kxe1 Rxg2 52. h7 Rh2 53. Rd7 Ke3 54. Kf1 e4 55. Kg1 Rh6 56. Kg2 Ke2 57. Kg3 e3 58. Kg4 Kf2 59.
Kg5 Rh1 60. Kg6 e2 61. Rd2 Ke3 62. Rxe2+ Kxe2 63. Kg7 Rg1+ 64. Kf7 Rh1 65. Kg7 Rxh7+ 66. Kxh7 1/2-1/2

[Event "*** Titled Tuesday Blitz"]
[Site "Chess.com"]
[Date "2019.10.01"]
[Round "9"]
[White "VladDobrov"]
[Black "severomorskij"]
[Result "1-0"]
[WhiteElo "2964"]
[BlackElo "2851"]
[TimeControl "180+2"]
[EndTime "15:13:47 PDT"]
[Termination "VladDobrov won on time"]

1. d4 Nf6 2. c4 e6 3. Nf3 Bb4+ 4. Nbd2 O-O 5. a3 Be7 6. e4 d6 7. Be2 Nfd7 8. O-O e5 9. d5 a5 10. Bd3 Nc5 11. Bc2 c6 12. Nb1 cxd5 13. cxd5 Nbd7 14. Nc3 Nb6 15. b3 Bg4 16. h3 Bh5 17. Be3 Rc8 18.
Rb1 Bxf3 19. Qxf3 Bg5 20. Rfc1 Bxe3 21. Qxe3 h6 22. Bd1 Qg5 23. Qxg5 hxg5 24. Be2 g6 25. f3 Rfd8 26. Kf2 Kf8 27. Ke3 Ke7 28. Bb5 f5 29. b4 axb4 30. axb4 Ncd7 31. Bd3 Nf6 32. Ke2 Nh5 33. Ke1 Nf4 34. Bf1 Nd7 35. g3 Nh5 36. Kf2 Ra8 37. Ra1 Rdc8 38. Rxa8 Rxa8 39. Bb5 Ndf6 40. Na4 Kd8 41. Re1 fxe4 42.
fxe4 Rc8 43. Bd3 Ke7 44. Kf3 Rf8 45. Kg2 Rc8 46. Kf3 Rf8 47. Kg2 Rc8 48. Ra1 Nd7 49. Kf3 Ndf6 50. Ra3 Rc7 51. Nb6 Rc1 52. Ra7 Rc3 53.
Ke3 Nxg3 54. Rxb7+ Kf8 55. Nd7+ Nxd7 56. Rxd7 Nh5 57.
Kd2 Rb3 58. b5 Nf4 59. Bc4 Rb1 60. Rxd6 Ke7 61. Rc6 Nxh3 62. Kc2 Rb4 63. Kc3 Rb1 64. Bb3 Nf2 65. b6 Nxe4+ 66. Kc2 Rh1 67. b7 Rh2+ 68. Kc1 Rh1+ 69. Bd1 Rh8 70. Rc8 1-0

[Event "*** Titled Tuesday Blitz"]
[Site "Chess.com"]
[Date "2019.10.01"]
[Round "9"]
[White "dopolian"]
[Black "SloLev"]
[Result "1-0"]
[WhiteElo "2362"]
[BlackElo "2460"]
[TimeControl "180+2"]
[EndTime "15:13:52 PDT"]
[Termination "dopolian won by resignation"]

1. e4 e5 2. Nf3 Nc6 3. Bb5 Nge7 4.
d4 exd4 5. Nxd4 g6 6. Bg5 Bg7 7. c3 a6 8. Ba4 O-O 9. O-O h6 10. Be3 b5 11. Bc2 Bb7 12. Nd2 d5 13. exd5 Nxd5 14. Nxc6 Bxc6 15. Bc5 Re8 16. Nf3 Nf4 17. Be3 Qf6 18. Bd4 Ne2+ 19. Kh1 Nxd4 20. Nxd4 Bb7 21. f3 Rad8 22. Re1 Rxe1+ 23. Qxe1 c5 24.
Nb3 Bxf3 25. Qf2 Ba8 26. Qxf6 Bxf6 27. Nxc5 Rd2 28. Be4 Be7 29. Nb3 Rd8 30. Bxa8 Rxa8 31. a4 Rb8 32. a5 Bf6 33. Rd1 b4 34. c4 Bxb2 35. Rd6 Re8 36. Kg1 Re3 37. Nc5 Ra3 38. Nxa6 Rxa5 39. Nxb4 Ba3 40. Rd8+ Kg7 41. Nd3 Be7 42.
Rd7 Bf6 43. Kf2 Ra2+ 44. Kf3 g5 45. c5 Rc2 46. h3 h5 47. g4 h4 48. Rd5 Kg6 49. Ke4 Rh2 50. c6 Re2+ 51. Kf3 Re8 52. Rc5 Be7 53. Rc4 Bd6 54. Nf2 f5 55. gxf5+ Kxf5 56. Ne4 Be5 57. Nc5 Ra8 58. Nd7 Ra3+ 59. Ke2 Bc7 60.
Rc5+ Ke4 61. Rxg5 Rxh3 62. Nc5+ Kd4 63. Ne6+ Ke4 64. Nxc7 Rc3 65. Rg6 h3 66. Kf2 Kf4 67. Nd5+ Kf5 68. Nxc3 h2 69. Kg2 1-0